 Dungeon Crawl Stone Soup version 0.30-a0-908-g5a111fc481 (webtiles) character file.

Game seed: 8449085530882990391

56 Armakuni the Slasher (level 4, -1/35 HPs)
             Began as a Human Monk on Mar 19, 2023.
             Slain by a gnoll
             ... wielding a +0 spear
              (7 damage)
             ... on level 2 of the Dungeon.
             The game lasted 00:03:06 (1153 turns).

Armakuni the Slasher (Human Monk)                   Turns: 1153, Time: 00:03:07

Health: -1/35      AC:  3    Str: 12    XL:     4   Next: 17%
Magic:  4/4        EV: 13    Int: 10    God:
Gold:   107        SH:  0    Dex: 17    Spells: 3/3 levels left

rFire   . . .      SeeInvis .    a - +1 falchion (heavy)
rCold   . . .      Faith    .    (no shield)
rNeg    . . .      Spirit   .    b - +0 robe
rPois   .          Reflect  .    h - +0 helmet
rElec   .          Rampage  .    (no cloak)
rCorr   .                        (no gloves)
Will    .....                    (no boots)
Stlth   ++                       R - amulet of regeneration
HPRegen 1.05/turn                (no ring)
MPRegen 0.09/turn                (no ring)

@: no status effects
A: no striking features
a: no special abilities


You were on level 2 of the Dungeon.
You visited 1 branch of the dungeon, and saw 2 of its levels.

You collected 107 gold pieces.

Inventory:

Hand Weapons
 a - a +1 heavy falchion (weapon)
Armour
 b - a +0 robe (worn)
 h - a +0 helmet (worn)
Jewellery
 R - an amulet of regeneration (around neck)
Scrolls
 e - a scroll of magic mapping
Potions
 c - a potion of ambrosia
 d - a potion of heal wounds
 f - a potion of might {unknown}
 g - a potion of invisibility {unknown}
 j - a potion of flight {unknown}


   Skills:
 - Level 3.0 Fighting
 + Level 4.7 Long Blades
 - Level 3.0 Dodging
 - Level 2.0 Stealth


You had 3 spell levels left.
You didn't know any spells.
Your spell library was empty.

Dungeon Overview and Level Annotations

Branches:
Dungeon (2/15)

Altars:


Message History

You start resting.
HP restored.
No target in view!
A sourceless malevolence fills the Dungeon... and a teleportation trap spontaneously manifests!
You are yanked towards a nearby monster!
Your surroundings suddenly seem different.
The gnoll shouts!
You hear a shout! x2
The gnoll shouts!
The gnoll closely misses you. The gnoll closely misses you.
You hit the gnoll.
The gnoll is heavily wounded.
The gnoll hits you with a +0 spear. x2
You barely miss the gnoll.
The gnoll is heavily wounded.
The gnoll misses you.
You hit the gnoll.
The gnoll is severely wounded.
The gnoll hits you from afar with a +0 spear.
The gnoll barely misses you. x2
The gnoll hits you from afar with a +0 spear.
You hit the gnoll.
You kill the gnoll!
The gnoll hits you from afar with a +0 spear.
You have reached level 4!
You feel stronger.
Okay, then.
Okay, then.
Okay, then.
Unknown command.
The gnoll attacks as you move away! The gnoll hits you with a +0 whip.
The gnoll hits you with a +0 spear!
You hit the gnoll but do no damage. The gnoll hits you with a +0 spear!
* * * LOW HITPOINT WARNING * * *
The gnoll hits you from afar with a +0 spear.
* * * LOW HITPOINT WARNING * * *
The gnoll misses you.
You completely miss the gnoll.
The gnoll hits you from afar with a +0 spear!
You die...

,**,* *,**,* *.**,....,,,,..,*
,**,* *,**,***##.,,,,..#*###.###
,**,****,**,,,,...,*,*#g# #.....#
,,,,,,,,,**,***#.#**,*#.# #.#.#.#
,,,,,,,,,,*,**##.##*,*#g# #...#.#
,*,******,*,,,,.g.,,,*#.# #..##.#
,*,* #.#.#**#g#****#g###......
,*,* *...# #.# #..g.....#. ,*,*
*#..# #@# ######g#.#.
,*,****###..####g# #g#.#.
,*,,,,,..........# #.#...
,********#..####.###########.###.
,,** ###.....#.........[.......
,,,*** #..<.g.g...##########.####
,,,,,**#.###g.....##########.#
*,,,,,...###.................#
**,,.....<........############


You could see 3 gnolls.

Vanquished Creatures
  Natasha (D:2)
  A gnoll (D:2)
  A dart slug (D:1)
  2 bats
  3 endoplasms
  A goblin (D:1)
  2 hobgoblins (D:1)
  3 kobolds (D:1)
  2 quokkas
  2 rats (D:1)
18 creatures vanquished.

Notes
Turn   | Place    | Note
-------+----------+-------------------------------------------
     0 | D:1      | Armakuni the Human Monk began the quest for the Orb.
     0 | D:1      | Reached XP level 1. HP: 18/18 MP: 1/1
   185 | D:1      | Reached XP level 2. HP: 24/24 MP: 2/2
  1056 | D:2      | Noticed Natasha
  1071 | D:2      | Reached skill level 4 in Long Blades
  1071 | D:2      | Reached XP level 3. HP: 22/29 MP: 3/3
  1098 | D:2      | Killed Natasha
  1151 | D:2      | Reached XP level 4. HP: 22/35 MP: 4/4
  1153 | D:2      | Slain by a gnoll

Illustrated notes

Levels and vault maps discovered:
D:1:      erik_arrival_cave_to_civilisation [erik_arrival_cave_to_hall],
          layout_basic
D:2:      layout_loops_ring, nrook_mini_backslash, uniq_natasha,
          uniq_crazy_yiuf_cottage

Skill      XL: |  1  2 |
---------------+-------+-----
Long Blades    | 4 |  4.7
Fighting       | |  3.0
Dodging        | |  3.0
Stealth        | |  2.0

Action                     |  1- 3 |  4- 6 || total
---------------------------+-------+-------++-------
  Melee: Falchion          |    56 |     2 ||    58
    Use: Scroll            |     5 |       ||     5
   Stab: Sleeping          |     6 |       ||     6
 Armour: Robe              |     6 |       ||     6
  Dodge: Dodged            |    25 |     1 ||    26

Table legend: (Time is in decaauts)
 A = Elapsed time spent in this place.
 B = Non-inter-level travel time spent in this place.
 C = Inter-level travel time spent in this place.
 D = Time resting spent in this place.
 E = Time spent auto-exploring this place.
 F = Levels seen in this place.
 G = Mean time per level.
                   A        B        C        D        E       F      G
               +--------+--------+--------+--------+--------+-----+--------+
         Total |   1165 |   1116 |     49 |     14 |    776 |   2 |  582.5 |
       Dungeon |   1165 |   1116 |     49 |     14 |    776 |   2 |  582.5 |
               +--------+--------+--------+--------+--------+-----+--------+

Top non-repeatable levels by time:
     D:1: 903 daAuts
     D:2: 261 daAuts
